AoeStats
← Lord Sirhc

Arena

508108298Analyzed
1v1 RM · 12d ago on Sep 20, 2026· 52m 35s· 2 players
Game mode
Random Map
Map size
Tiny (2 player)
Population
200
Speed
Normal
Resources
Standard
Victory
Conquest
Starting age
Dark Age
Ending age
Imperial Age
RankedLock teamsTeams togetherTeam positionsShared explorationLock speedFull tech treeHidden civsTurbo modeCheats
Victory
Defeat
🇨🇱 Persians · Chile
731
+17
🇺🇸 Britons · United States
746
-17
Cruzapo
11:54 Feudal Age
10:09 Loom
16:21 Castle Age
14:28 Double-Bit Axe
14:45 Horse Collar
16:34 Gold Mining
16:36 Stone Mining
17:23 Fletching
18:14 Scale Mail Armor
20:15 Pikeman
20:56 Squires
21:08 Forging
21:31 Elite Skirmisher
26:53 Bow Saw
27:24 Wheelbarrow
30:24 Hand Cart
29:55 Town Watch
30:56 Ballistics
30:47 Masonry
30:46 Heavy Plow
31:43 Thumb Ring
32:19 Stone Shaft Mining
32:30 Arson
33:23 Iron Casting
33:03 Chain Mail Armor
33:41 Gold Shaft Mining
37:19 Imperial Age
35:16 Town Patrol
35:52 Padded Archer Armor
36:59 Bodkin Arrow
37:19 Leather Archer Armor
37:57 Conscription
37:53 Citadels
37:53 Kamandaran
38:22 Chain Mail Armor
38:29 Crossbowman
40:36 Two-Man Saw
40:39 Chemistry
39:36 Halberdier
41:37 Ring Archer Armor
41:38 Plate Mail Armor
41:15 Scale Barding Armor
41:45 Murder Holes
42:07 Guilds
44:35 Blast Furnace
43:51 Elite War Elephant
46:08 Hoardings
52:14 Man-at-Arms
52:39 Gambesons
Lord Sirhc
6:47 Loom
11:19 Feudal Age
10:56 Loom
12:57 Double-Bit Axe
14:32 Wheelbarrow
15:13 Fletching
15:18 Town Watch
16:15 Horse Collar
18:56 Castle Age
19:40 Crossbowman
20:18 Bodkin Arrow
21:54 Bow Saw
21:33 Horse Collar
26:21 Husbandry
28:46 Scale Barding Armor
30:42 Gold Mining
30:42 Stone Mining
30:48 Gold Mining
34:45 Chain Barding Armor
34:42 Town Watch
35:15 Hand Cart
35:04 Heavy Plow
35:07 Murder Holes
35:35 Ballistics
35:30 Masonry
40:09 Imperial Age
37:49 Padded Archer Armor
38:36 Yeomen
40:51 Gold Shaft Mining
40:48 Fortified Wall
40:24 Treadmill Crane
41:47 Illumination
42:05 Theocracy
40:54 Cavalier
41:28 Elite Longbowman
42:47 Hoardings
42:33 Conscription
42:45 Conscription
43:55 Architecture
44:25 Bracer
44:41 Leather Archer Armor
43:57 Elite Longbowman
45:08 Conscription
45:59 Hoardings
46:11 Plate Barding Armor
46:42 Two-Man Saw
45:16 Light Cavalry
46:18 Siege Engineers
47:19 Chemistry
48:25 Warwolf
Connection lost

Rejoining the realm…

Still unreachable

The connection could not be restored.

Session expired

The server has moved on; the page needs a fresh start.